 Dungeon Crawl Stone Soup version 0.27.1-4-g1640c2035a (webtiles) character file.

Game seed: 14933884966601756788

147 AarnesTheHuman the Covered (level 5, -3/43 HPs)
             Began as a Barachi Fighter on Nov 1, 2021.
             Slain by Natasha (8 damage)
             ... on level 2 of the Dungeon.
             The game lasted 00:04:27 (2536 turns).

AarnesTheHuman the Covered (Barachi Fighter)        Turns: 2536, Time: 00:04:27

Health: -3/43      AC:  7    Str: 18    XL:     5   Next: 29%
Magic:  5/5        EV:  7    Int: 15    God:
Gold:   99         SH:  9    Dex: 11    Spells: 4/4 levels left

rFire    . . .     SeeInvis .   a - +0 long sword
rCold    . . .     Faith    .   c - +0 kite shield
rNeg     . . .     Spirit   .   b - +0 scale mail
rPois    .         Reflect  .   (no helmet)
rElec    .         Harm     .   (no cloak)
rCorr    .         Rampage  .   (no gloves)
Will     .....                  (no boots)
Stlth    ..........             (no amulet)
HPRegen  0.14/turn              i - +6 ring of intelligence
MPRegen  0.09/turn              (no ring)

@: unable to hop, slow
A: amphibious, slowness 1, strong legs 1, +LOS
a: Hop


You were on level 2 of the Dungeon.
You visited 1 branch of the dungeon, and saw 2 of its levels.

You collected 99 gold pieces.

Inventory:

Hand Weapons
 a - a +0 long sword (weapon)
Missiles
 h - 38 bolts
Armour
 b - a +0 scale mail (worn)
 c - a +0 kite shield (worn)
Jewellery
 i - a +6 ring of intelligence (left hand)
Scrolls
 g - a scroll of acquirement
 j - a scroll of identify
Potions
 e - a potion of flight


   Skills:
 + Level 4.6 Fighting
 + Level 3.7 Long Blades
 + Level 4.7 Armour
 + Level 4.2 Shields


You had 4 spell levels left.
You didn't know any spells.
Your spell library contained the following spells:

 Spells                   Type           Power      Damage    Failure   Level
 Animate Skeleton         Necr           0%         N/A       97%         1
 Apportation              Tloc           0%         N/A       97%         1
 Corona                   Hex            0%         N/A       97%         1
 Freeze                   Ice            0%         1d3       97%         1
 Summon Small Mammal      Summ           0%         N/A       97%         1
 Frozen Ramparts          Ice            0%         1d2       100%        3
 Hailstorm                Conj/Ice       0%         3d3       100%        4


Dungeon Overview and Level Annotations

Branches:
Dungeon (2/15)

Altars:

Annotations:
D:2 Natasha


Innate Abilities, Weirdness & Mutations

You are amphibious.
You cover ground slowly.
You can hop short distances.
You have an extended range of vision and can be seen from far away.


Message History

Okay, then.
It was a potion of cancellation.
Your magical effects are unravelling.
You feel magically purged.
You feel a little less mighty now. The bat hits you but does no damage.
You completely miss the hobgoblin. The bat closely misses you.
The bat barely misses you.
You riposte.
You closely miss the bat. You block the hobgoblin's attack.
Natasha mumbles some strange words.
You hit the hobgoblin.
You kill the hobgoblin!
The bat hits you but does no damage.
The crimson imp blinks!
You hit Natasha.
Natasha is moderately wounded.
The bat hits you but does no damage. Natasha claws you.
* * * LOW HITPOINT WARNING * * *
The crimson imp closely misses you. Natasha claws you but does no damage.
You hit Natasha.
Natasha is heavily wounded.
The bat barely misses you.
The crimson imp hits you but does no damage.
Natasha stares at you and mumbles some strange words.
The magic dart hits you but does no damage.
The crimson imp hits you but does no damage.
You slash Natasha!
Natasha is almost dead.
The crimson imp hits you but does no damage.
You block Natasha's attack.
The crimson imp lashes its tail.
The crimson imp hits you.
* * * LOW HITPOINT WARNING * * *
You closely miss Natasha.
Natasha is almost dead.
The crimson imp closely misses you. You block Natasha's attack.
The crimson imp closely misses you.
The crimson imp blinks!
The crimson imp hits you.
* * * LOW HITPOINT WARNING * * *
Natasha claws you!
You die...

###### ########### ###....#
#........". .......# #.........)
.......# #..........
.......###############..........
...............5@hb§.)>.........
...#####.#####...5..............
...# #.#############..........
#### #.#....)....# #..........
#.#........)# ##.'####### ##
#.#.........# #.......####
.#######.#.........+
+.......'...
...).....#.........#
#.......###.
.........#.........# #.......#
#.


You could see Natasha, 2 crimson imps and a bat.

Vanquished Creatures
  Jessica (D:2)
  Natasha (D:2)
  Robin (D:2)
  2 adders (D:2)
  A worm (D:2)
  A dart slug (D:2)
  3 ball pythons
  4 endoplasms
  10 hobgoblins
  4 jackals (D:1)
  5 kobolds (D:1)
  3 quokkas (D:2)
  7 bats
  5 frilled lizards
  6 goblins
  6 rats
60 creatures vanquished.

Notes
Turn   | Place    | Note
-------+----------+-------------------------------------------
     0 | D:1      | AarnesTheHuman the Barachi Fighter began the quest for the
                  | Orb.
     0 | D:1      | Reached XP level 1. HP: 18/18 MP: 1/1
   188 | D:1      | Reached XP level 2. HP: 5/25 MP: 2/2
   651 | D:1      | Reached XP level 3. HP: 26/30 MP: 3/3
  1641 | D:2      | Noticed Natasha
  1658 | D:2      | Killed Natasha
  1659 | D:2      | Reached XP level 4. HP: 10/38 MP: 4/4
  1928 | D:2      | Noticed Jessica
  1939 | D:2      | Killed Jessica
  2386 | D:2      | Reached XP level 5. HP: 43/43 MP: 5/5
  2497 | D:2      | Noticed Robin
  2511 | D:2      | Noticed Natasha
  2519 | D:2      | Killed Robin
  2526 | D:2      | HP: 1/43 [hobgoblin[Robin] (6)]
  2529 | D:2      | Identified a scroll of acquirement
  2536 | D:2      | Slain by Natasha

Illustrated notes

Levels and vault maps discovered:
D:1:      matt_arrival_refuge, layout_rooms, serial_bayou_ford_a
D:2:      layout_basic, minmay_misc_feat_five, uniq_natasha, uniq_jessica,
          uniq_robin

Skill      XL: |  1  2  3 |
---------------+----------+-----
Armour         | 4 |  4.7
Fighting       | 4 |  4.6
Long Blades    | 3 |  3.7
Shields        | 4 |  4.2

Action                   |  1- 3 |  4- 6 || total
-------------------------+-------+-------++-------
Melee: Long sword        |   131 |    85 ||   216
 Abil: Hop               |       |     1 ||     1
  Use: Potion            |       |     3 ||     3
       Scroll            |       |     1 ||     1
Armor: Scale mail        |    77 |    46 ||   123
Dodge: Dodged            |    55 |    28 ||    83
Block: Kite shield       |    80 |    43 ||   123
       Rpst.: Long sword |    17 |     9 ||    26
